[Event "Late-Titled-Tuesday-Blitz-March-12-2024"]
[Site "Chess.com"]
[Date "2024.03.12"]
[Round "11"]
[White "KorolDimitriy75"]
[Black "grandcoach"]
[Result "1-0"]
[WhiteElo "2420"]
[BlackElo "2230"]
[TimeControl "180+1"]
[EndTime "16:03:47 PDT"]
[Termination "KorolDimitriy75 won on time"]

1. d4 Nf6 2. c4 e6 3. Nc3 Bb4 4. Qc2 b6 5. e4 Bb7 6. e5 Ne4 7.
Nf3 d5 8. Bd3 c5 9. O-O Bxc3 10.
bxc3 Nd7 11. cxd5 exd5 12. c4 cxd4 13. cxd5 Rc8 14. Qa4 Bxd5 15. Qxd4 Ndc5 16. Rd1 O-O 17. Bf1 Bb7 18. Be3 Qxd4 19. Nxd4 Nc3 20. Rdc1 Nd5 21. Bg5 f6 22. exf6 gxf6 23. Bh4 Kf7 24. Nb5 Rcd8 25. Nxa7 Rg8 26. Bg3 f5 27. Bc4 f4 28.
Bxf4 1-0

[Event "Late-Titled-Tuesday-Blitz-March-12-2024"]
[Site "Chess.com"]
[Date "2024.03.12"]
[Round "11"]
[White "NMJeevanK"]
[Black "ITheOnlyME"]
[Result "1-0"]
[WhiteElo "2613"]
[BlackElo "2432"]
[TimeControl "180+1"]
[EndTime "16:03:50 PDT"]
[Termination "NMJeevanK won by checkmate"]

1. e4 c5 2. Nf3 g6 3. d4 cxd4 4.
Qxd4 Nf6 5. Nc3 Nc6 6. Qa4 d6 7.
Bg5 Bg7 8. Bb5 Bd7 9. O-O O-O 10.
Rad1 a6 11. Bxc6 Bxc6 12. Qb4 Qc7 13. Bxf6 Bxf6 14. Qb3 b5 15. Nd5 Bxd5 16. exd5 Rac8 17. c3 Qc4 18. Qc2 b4 19. Rfe1 Qxa2 20. Ra1 Qxd5 21.
Rxa6 bxc3 22. bxc3 Rxc3 23. Qb1 Rfc8 24. h4 h5 25. Ra4 Qc6 26. Qa2 Rc1 27. Rxc1 Qxc1+ 28. Kh2 Kg7 29. Qd5 Rc5 30. Qb7 Rc4 31. Ra8 Qf4+ 32.
g3 Qf5 33. Qb8 Kh6 34. Kg2 Rc3 35. Ng5 Rc2 36. Nxf7+ Kg7 37. Qg8# 1-0

[Event "Late-Titled-Tuesday-Blitz-March-12-2024"]
[Site "Chess.com"]
[Date "2024.03.12"]
[Round "11"]
[White "crazyluzhinTh3"]
[Black "scarabee43"]
[Result "0-1"]
[WhiteElo "2568"]
[BlackElo "2813"]
[TimeControl "180+1"]
[EndTime "16:03:50 PDT"]
[Termination "scarabee43 won by resignation"]

1. e4 c5 2. Nf3 e6 3. g3 Nc6 4. Bg2 Nf6 5. Qe2 d6 6. O-O g6 7. c3 Bg7 8. d4 O-O 9. dxc5 dxc5 10. e5 Nd7 11. Bf4 Qc7 12. Re1 b6 13. a4 Bb7 14.
Na3 a6 15. h4 Ne7 16. Nc4 Bc6 17. Nd6 Nd5 18. c4 Nxf4 19. gxf4 f6 20. Bh3 fxe5 21. Bxe6+ Kh8 22. Nf7+ Rxf7 23. Bxf7 e4 24. Ng5 Qxf4 25. Bd5 Bxd5 26. cxd5 Bd4 27. Ne6 Qg3+ 28. Kf1 Qh3+ 29. Kg1 Ne5 30. Ra3 Nf3+ 31. Rxf3 exf3 32. Qf1 Qg3+ 33.
Kh1 Qxh4+ 34. Kg1 Qg4+ 35. Kh1 Qh5+ 36. Kg1 Be5 37. Rxe5 Qxe5 38. Qc4 Re8 39. Qh4 Kg8 40. Ng5 h5 41. Nxf3 Qxd5 42. Qg3 Qf5 43. Nh4 Qg4 44.
Qxg4 hxg4 45. Nxg6 Re4 46. a5 bxa5 47. Nh4 a4 48. Nf5 Re2 49. Nh6+ Kg7 50. Nxg4 Rxb2 51. Ne3 a3 0-1

[Event "Late-Titled-Tuesday-Blitz-March-12-2024"]
[Site "Chess.com"]
[Date "2024.03.12"]
[Round "11"]
[White "KNVB"]
[Black "SlavenPastar"]
[Result "1-0"]
[WhiteElo "2768"]
[BlackElo "2574"]
[TimeControl "180+1"]
[EndTime "16:03:51 PDT"]
[Termination "KNVB won on time"]

1. e4 b6 2. d4 Bb7 3. Bd3 Nf6 4. Qe2 e6 5. Nf3 d5 6. e5 Ne4 7. Nbd2 Nxd2 8. Bxd2 c5 9. c3 a5 10. O-O Be7 11. Rfe1 Ba6 12. Bxa6 Nxa6 13. h4 Nb8 14. h5 h6 15. Nh2 Nc6 16. Qg4 Bf8 17. Be3 Qd7 18.
Rad1 c4 19. a4 O-O-O 20. Bf4 g5 21. Bg3 Ne7 22. Ra1 Nf5 23. Qf3 Bg7 24. Ng4 Kb7 25. Bh2 Ka7 26. Qe2 Bf8 27. Rf1 Be7 28. Qc2 Ng7 29.
Nf6 Bxf6 30. exf6 Nxh5 31. Qe2 1-0

[Event "Late-Titled-Tuesday-Blitz-March-12-2024"]
[Site "Chess.com"]
[Date "2024.03.12"]
[Round "11"]
[White "Rinqed222"]
[Black "HaryKane"]
[Result "0-1"]
[WhiteElo "2398"]
[BlackElo "2608"]
[TimeControl "180+1"]
[EndTime "16:03:53 PDT"]
[Termination "HaryKane won on time"]

1. e4 g6 2. d4 Bg7 3. Nc3 d6 4. Be3 c6 5. Qd2 b5 6. a3 a5 7. f3 Bb7 8. Nge2 Nd7 9. g3 h5 10. Bg2 h4 11. O-O hxg3 12. hxg3 Ngf6 13. b4 O-O 14.
Bh6 Nb6 15. Bxg7 Kxg7 16. Kf2 Nc4 17. Qd3 e5 18. bxa5 Qxa5 19. a4 d5 20. axb5 Qxa1 21. Rxa1 Rxa1 22. bxc6 Ba6 23. exd5 Nd6 24. Qe3 e4 25.
fxe4 Ng4+ 26. Kf3 Nxe3 27. Kxe3 Re8 28. e5 Nf5+ 29. Kf4 Bxe2 30. Nxe2 Re1 31. Bf3 f6 32. d6 Rxe2 33. Bxe2 Nxd4 34. d7 Rxe5 0-1

[Event "Late-Titled-Tuesday-Blitz-March-12-2024"]
[Site "Chess.com"]
[Date "2024.03.12"]
[Round "11"]
[White "Walter_White_Poland"]
[Black "tarno17"]
[Result "1-0"]
[WhiteElo "2351"]
[BlackElo "2209"]
[TimeControl "180+1"]
[EndTime "16:03:53 PDT"]
[Termination "Walter_White_Poland won on time"]

1. d4 d5 2. Bf4 Nf6 3. e3 e6 4.
Bd3 Be7 5. Nf3 O-O 6. h3 b6 7. O-O c5 8. c3 Bb7 9. Nbd2 Nbd7 10. Ne5 Ne4 11. Qc2 f5 12. f3 Nef6 13. Rae1 Rc8 14. Bh2 Nh5 15. g4 Bh4 16. gxh5 Qg5+ 17. Kh1 Nf6 18. Rg1 Qxh5 19. Ref1 Bg5 20. f4 Bh4 21. Ndf3 Ne4 22. Bxe4 dxe4 23. Ng5 Ba6 24. Rd1 Bxg5 25. Rxg5 Qxh3 26. Rdg1 Rc7 27. Qb3 Rf6 28. dxc5 Rh6 29.
R1g2 Bf1 30. cxb6 Bxg2+ 31. Rxg2 axb6 32. Qxb6 Rc8 33. Qb7 1-0

[Event "Late-Titled-Tuesday-Blitz-March-12-2024"]
[Site "Chess.com"]
[Date "2024.03.12"]
[Round "11"]
[White "Rawnsdale"]
[Black "GothamChess"]
[Result "0-1"]
[WhiteElo "2532"]
[BlackElo "2680"]
[TimeControl "180+1"]
[EndTime "16:03:54 PDT"]
[Termination "GothamChess won by resignation"]

1. e4 d5 2. exd5 Qxd5 3. Nc3 Qa5 4. Bc4 Nf6 5. Nf3 Bf5 6. d4 e6 7. Bd2 Bb4 8. Qe2 O-O 9. O-O Nc6 10. a3 Bxc3 11. Bxc3 Qb6 12. Rad1 Rad8 13. Bb3 Ne4 14.
Nh4 Nxd4 15. Bxd4 Rxd4 16. Nxf5 exf5 17. Rxd4 Qxd4 18. Rd1 Qxb2 19. Qb5 Qxa3 20. Qxb7 Qc5 21. Qd5 Qxf2+ 22. Kh1 g6 23. Qe5 Qc5 24. Qxc5 Nxc5 25. Bc4 Re8 26. h3 Re4 27. Bd5 Re2 28. c4 a5 29. Bc6 Re6 30. Bb5 c6 31. Rd8+ Kg7 32.
Rc8 cxb5 33. Rxc5 bxc4 34. Rxc4 Ra6 35. Ra4 Kf6 36. Kg1 Ke5 37. Kf2 Kd5 38. Ke3 Kc5 39. Kd3 Kb5 40. Ra1 a4 41. Kd4 a3 42. Rb1+ Kc6 43. Ra1 a2 44. Ke5 Kc5 45. g3 Kc4 46. Kf4 f6 47. Ke3 Kb3 48. Kd2 Kb2 0-1

[Event "Late-Titled-Tuesday-Blitz-March-12-2024"]
[Site "Chess.com"]
[Date "2024.03.12"]
[Round "11"]
[White "DavidGavrilescu18"]
[Black "tptagain"]
[Result "1/2-1/2"]
[WhiteElo "2784"]
[BlackElo "2952"]
[TimeControl "180+1"]
[EndTime "16:03:55 PDT"]
[Termination "Game drawn by repetition"]

1. e4 Nc6 2. d4 e5 3. Nf3 exd4 4.
Nxd4 Nge7 5. Nc3 Nxd4 6. Qxd4 Nc6 7. Qd3 Bb4 8. Bf4 O-O 9. O-O-O d6 10. h4 a5 11. Be2 f5 12. Bg5 Qe8 13. Nd5 fxe4 14.
Qc4 Be6 15. Nxc7 Bxc4 16. Bxc4+ Kh8 17. Nxe8 Raxe8 18. Be3 Bc5 19. Bd5 Nb4 20. a3 Nxd5 21. Rxd5 b6 22. Kd2 Re6 23. Bxc5 dxc5 24. Ke3 Rg6 25.
Rg1 h6 26. h5 Rgf6 27. Rf1 a4 28. Re5 Rf5 29. Rxf5 Rxf5 30. g4 Rd5 31. Re1 Kg8 32. Re2 Rd4 33. c3 Rc4 34. Rd2 b5 35. Rd8+ Kf7 36.
Rb8 Kf6 37. Rxb5 Kg5 38. Rb7 Kxg4 39. Rxg7+ Kxh5 40. Rg1 Kh4 41. Kf4 Kh3 42. Ke3 h5 43. Rg8 h4 44. Rg7 Kh2 45. Rg4 Kh3 46. Rg5 Kh2 47.
Rg8 Kh3 48. Rh8 Kg4 49. Rg8+ Kh3 1/2-1/2

[Event "Late-Titled-Tuesday-Blitz-March-12-2024"]
[Site "Chess.com"]
[Date "2024.03.12"]
[Round "11"]
[White "lamomiajunior"]
[Black "SpeedofLight0"]
[Result "0-1"]
[WhiteElo "2780"]
[BlackElo "3068"]
[TimeControl "180+1"]
[EndTime "16:03:56 PDT"]
[Termination "SpeedofLight0 won by checkmate"]

1. d4 d6 2. e4 g6 3. Nc3 Nc6 4. Be3 Bg7 5. Qd2 e5 6. d5 Nce7 7. h4 h6 8. h5 g5 9. f3 f5 10.
exf5 Nxf5 11. Bf2 Nf6 12. O-O-O O-O 13. Kb1 a6 14. Bd3 b5 15. Nge2 Kh8 16. g4 Ne7 17. a3 Rb8 18. Bg6 a5 19. Ne4 Nfxd5 20. Qxa5 Rxf3 21. Rhg1 Nf6 22. Nxd6 Qf8 23. Nf7+ Kg8 24.
Bc5 Nd7 25. Qxc7 Rb7 26. Bxe7 Rxc7 27. Bxf8 Nxf8 28. Nd6 Nxg6 29. Nxc8 Nf4 30. Rd8+ Kh7 31. Ng3 Ne6 32. Re8 Nd4 33. c3 Nb3 34. Nf5 Rf2 35.
Rd1 e4 36. Rdd8 Rxf5 37. gxf5 g4 38. Ne7 g3 39. f6 g2 40. fxg7 g1=Q+ 41. Ka2 Nc1+ 42.
Kb1 Nd3+ 43. Ka2 Qxg7 44. Ng6 Qf7+ 45. b3 Qf2+ 46. Ka1 Qb2# 0-1

[Event "Late-Titled-Tuesday-Blitz-March-12-2024"]
[Site "Chess.com"]
[Date "2024.03.12"]
[Round "11"]
[White "ploxoi"]
[Black "PapaieDudu"]
[Result "0-1"]
[WhiteElo "2412"]
[BlackElo "2431"]
[TimeControl "180+1"]
[EndTime "16:03:56 PDT"]
[Termination "PapaieDudu won by checkmate"]

1. d4 d5 2. Nf3 Nf6 3. c4 e6 4. g3 dxc4 5. Bg2 Bb4+ 6. Bd2 Be7 7. O-O O-O 8. Qa4 a6 9. Qxc4 b5 10. Qc2 Bb7 11. Bf4 Nc6 12. Rd1 Rc8 13. a3 b4 14. Ne5 b3 15. Qxb3 Na5 16. Qc3 Bxg2 17. Kxg2 Qd5+ 18. Qf3 Nb3 19. Ra2 c5 20. Nc3 Qxf3+ 21.
Kxf3 cxd4 22. Ne4 Nxe4 23. Kxe4 g5 24. Bd2 f5+ 25. Kf3 Bd6 26. Nd3 e5 27. Kg2 e4 28.
Nb4 a5 29. Nd5 Rc2 30. Bxg5 Rxe2 31. Nf6+ Kg7 32. Nd7 Rf7 33. Nb6 e3 34. Rf1 f4 35.
gxf4 Bxf4 36. Bh4 Rf6 37. Bxf6+ Kxf6 38. Nd5+ Ke5 39. Nb6 Ke4 40. Nc4 d3 41. Kg1 exf2+ 42.
Kg2 Be3 43. Nxe3 Kxe3 44. a4 Nd2 45. Ra3 Nxf1 46. Kxf1 Re1+ 47. Kg2 f1=Q+ 48. Kg3 Qf4+ 49. Kg2 Qf3# 0-1

[Event "Late-Titled-Tuesday-Blitz-March-12-2024"]
[Site "Chess.com"]
[Date "2024.03.12"]
[Round "11"]
[White "CarlosAlbornoz"]
[Black "Grischuk"]
[Result "0-1"]
[WhiteElo "2846"]
[BlackElo "3079"]
[TimeControl "180+1"]
[EndTime "16:04:01 PDT"]
[Termination "Grischuk won by resignation"]

1. e4 e5 2. Nf3 Nc6 3. Bb5 Nf6 4. d3 Bc5 5. O-O d6 6. c3 O-O 7. Bg5 Bb6 8. Nbd2 Ne7 9. Nc4 Ng6 10. Nxb6 axb6 11. h3 h6 12. Be3 Be6 13. Ba4 d5 14. Bc2 c5 15. a3 d4 16. Bd2 Nd7 17. Bb3 Qf6 18. Bxe6 Qxe6 19. c4 f5 20. exf5 Qxf5 21. Qe2 Nf6 22. Rae1 Rae8 23. Bc1 e4 24. dxe4 Nxe4 25.
Qd3 Re6 26. Nd2 Nf4 27. Qxe4 Rxe4 28. Rxe4 Qg6 29. g3 Nxh3+ 30. Kg2 Nf4+ 31. Kg1 Nd3 32. Re2 Qg4 33. f3 Qxg3+ 34. Rg2 Qh3 35. Rh2 Qg3+ 36.
Rg2 Qh3 37. Rh2 Qe6 38. Rg2 Kh7 39. Ne4 Nxc1 40. Rh2 Kg8 41. Rxc1 Rxf3 42. Re1 Re3 43. Rxe3 dxe3 44. Nc3 Qxc4 45. Re2 Qg4+ 46. Kf1 Qf3+ 47. Kg1 b5 48. Re1 Qf2+ 49. Kh1 Qxe1+ 0-1

[Event "Late-Titled-Tuesday-Blitz-March-12-2024"]
[Site "Chess.com"]
[Date "2024.03.12"]
[Round "11"]
[White "Witik"]
[Black "sergiochess83"]
[Result "1-0"]
[WhiteElo "2760"]
[BlackElo "2891"]
[TimeControl "180+1"]
[EndTime "16:04:01 PDT"]
[Termination "Witik won by resignation"]

1. e4 e6 2. d3 c5 3. g3 d5 4. Qe2 Nc6 5. Nf3 Nf6 6. Bg2 g6 7. O-O Bg7 8. c3 O-O 9. e5 Nd7 10. d4 cxd4 11. cxd4 f6 12. exf6 Nxf6 13. Nc3 Bd7 14.
Bf4 Qb6 15. Rad1 Rac8 16. Rfe1 Nh5 17. Be3 Na5 18. Ne5 Qd8 19. f4 Nf6 20. Bf2 Re8 21. Bh3 Bc6 22. b4 Nc4 23. Nxc4 dxc4 24. Bxe6+ Kh8 25.
d5 Bd7 26. Bd4 Qe7 27. Qb2 Qf8 28. a3 Rcd8 29. Bc5 Re7 30. Bxd7 Rdxd7 31. Rxe7 Rxe7 32. Bxe7 Qxe7 33. Qe2 Qd8 34. d6 Qb6+ 35. Kg2 Qc6+ 36. Qf3 Qd7 37. Ne4 Nxe4 38. Qxe4 c3 39. Qe7 Qc6+ 40.
Kh3 h5 41. d7 1-0

[Event "Late-Titled-Tuesday-Blitz-March-12-2024"]
[Site "Chess.com"]
[Date "2024.03.12"]
[Round "11"]
[White "N4700000"]
[Black "BabageldiAnnaberdiyev"]
[Result "1-0"]
[WhiteElo "2506"]
[BlackElo "2635"]
[TimeControl "180+1"]
[EndTime "16:04:03 PDT"]
[Termination "N4700000 won on time"]

1. e4 e6 2. d4 d5 3. Nc3 Nf6 4. Bg5 Be7 5. e5 Nfd7 6. h4 h6 7. Bxe7 Qxe7 8. Nf3 a6 9. Bd3 c5 10. Qd2 Nc6 11. Qf4 cxd4 12. Ne2 Qb4+ 13. Kf1 Qxb2 14. Re1 Nc5 15. Nexd4 Nxd3 16. cxd3 Qxa2 17. Nxc6 bxc6 18. Qb4 Qc2 19. Qd6 Bd7 20. Rh3 Qxd3+ 21. Kg1 Qb5 22. Rg3 Rg8 23. Nd4 Qb8 24. Qa3 Qd8 25.
Rc3 Qe7 26. Qa5 Qd8 27. Qa1 Qxh4 28. Nxc6 Bxc6 29. Rxc6 g6 30. Qa3 Qe7 31. Qe3 Rh8 32. Rec1 Kf8 33. Rc7 Qg5 34. Qf3 1-0

[Event "Late-Titled-Tuesday-Blitz-March-12-2024"]
[Site "Chess.com"]
[Date "2024.03.12"]
[Round "11"]
[White "TheAlienParty"]
[Black "corvachesky"]
[Result "1-0"]
[WhiteElo "2405"]
[BlackElo "2477"]
[TimeControl "180+1"]
[EndTime "16:04:03 PDT"]
[Termination "TheAlienParty won by resignation"]

1. c4 Nf6 2. Nc3 c5 3. Nf3 d5 4. cxd5 Nxd5 5. g3 Nc6 6. Bg2 Nc7 7. O-O e5 8. d3 Be7 9. Be3 O-O 10. Rc1 b6 11. h4 h6 12. a3 Be6 13. Na4 Nd4 14. Nxe5 Bb3 15. Qe1 Bxa4 16. Bxa8 Qxa8 17. Bxd4 cxd4 18.
Rxc7 Bd6 19. Rc4 b5 20. Rxa4 bxa4 21. Nc4 Bc7 22. Qb4 Qc6 23. Rc1 Rb8 24. Qd2 Qg6 25.
Kg2 Qc6+ 26. Kh2 Qf6 27. Kg2 Qc6+ 28. Kg1 Qg6 29. Kg2 Re8 30. e4 dxe3 31. Nxe3 Bf4 32. Rc4 Rxe3 33. fxe3 Qxg3+ 34. Kf1 Bxe3 35. Qg2 Qb8 36.
Qe4 Bb6 37. Qf5 Qd6 38. Rc8+ Bd8 39. Ke2 Qh2+ 40. Kd1 Qg1+ 41. Kc2 Qg2+ 42. Kc3 g6 43. Rxd8+ Kg7 44. Qe5+ 1-0

[Event "Late-Titled-Tuesday-Blitz-March-12-2024"]
[Site "Chess.com"]
[Date "2024.03.12"]
[Round "11"]
[White "ritanovikova"]
[Black "GilbertoHernandezAmura"]
[Result "1-0"]
[WhiteElo "2275"]
[BlackElo "2406"]
[TimeControl "180+1"]
[EndTime "16:04:05 PDT"]
[Termination "ritanovikova won by resignation"]

1. e4 e6 2. d4 d5 3. exd5 exd5 4. Bd3 Nf6 5. Nf3 c5 6. O-O c4 7. Be2 Nc6 8. b3 cxb3 9. axb3 Bd6 10. Ba3 O-O 11.
Bxd6 Qxd6 12. c4 Bg4 13. c5 Qf4 14. Qd2 Qf5 15. Nc3 Rfe8 16. Nb5 Ne4 17. Qb2 Re7 18. Rfe1 Rae8 19. Nxa7 Ng5 20. Nxc6 bxc6 21. Nxg5 Bxe2 22. h4 h6 23. Nh3 Bg4 24. Rxe7 Rxe7 25. Qc3 Re2 26.
Qg3 g6 27. Nf4 Re4 28. Nd3 Rxd4 29. Ne5 h5 30. Nxc6 Qf6 31. Nxd4 Qxd4 32. Rc1 Qd2 33. Qe3 Qa5 34. c6 Qc7 35. b4 Kh7 36. b5 1-0

[Event "Late-Titled-Tuesday-Blitz-March-12-2024"]
[Site "Chess.com"]
[Date "2024.03.12"]
[Round "11"]
[White "Inepton_Fermion"]
[Black "DonBroca"]
[Result "1-0"]
[WhiteElo "2467"]
[BlackElo "2246"]
[TimeControl "180+1"]
[EndTime "16:04:06 PDT"]
[Termination "Inepton_Fermion won on time"]

1. Nf3 c5 2. b3 Nf6 3. Bb2 g6 4.
c4 Bg7 5. g3 b6 6. Bg2 Bb7 7. O-O O-O 8. Nc3 Nc6 9. d4 Nxd4 10.
Nxd4 Bxg2 11. Kxg2 cxd4 12. Qxd4 Qc7 13. Nd5 Qd6 14.
Nxf6+ Qxf6 15. Qxf6 Bxf6 16. Bxf6 exf6 17. Rfd1 Rfe8 18.
Kf3 Rad8 19. Rd5 Re6 20. Rad1 d6 21. e4 Kf8 22. Kf4 Ke7 23. f3 Re5 24. R5d4 Ra5 25. R1d2 h5 26. g4 h4 27. Rd5 Rc5 28. Rxc5 bxc5 29.
g5 Ke6 30. Kg4 fxg5 31. Kxg5 Rh8 32. h3 Rh5+ 33. Kg4 Rh7 34. f4 Rh5 35. f5+ Ke5 36.
Rd5+ Kxe4 37. fxg6 Rxd5 38. cxd5 fxg6 39. Kxh4 Kf4 40.
a4 a5 41. b4 1-0

[Event "Late-Titled-Tuesday-Blitz-March-12-2024"]
[Site "Chess.com"]
[Date "2024.03.12"]
[Round "11"]
[White "MikaelyanArman"]
[Black "AlexPapasimakopoulos"]
[Result "0-1"]
[WhiteElo "2850"]
[BlackElo "2720"]
[TimeControl "180+1"]
[EndTime "16:04:07 PDT"]
[Termination "AlexPapasimakopoulos won on time"]

1. d4 d5 2. c4 e6 3. Nf3 a6 4.
Nbd2 Nf6 5. g3 b5 6. b3 c5 7.
cxd5 exd5 8. dxc5 Bxc5 9. Bg2 Bxf2+ 10. Kf1 Ba7 11. h3 Ne4 12. Nxe4 dxe4 13. Qxd8+ Kxd8 14. Ng5 Bd4 15. Rb1 Ra7 16. Bf4 Nc6 17. Rd1 h6 18.
Nxe4 Ke7 19. Nd6 Bd7 20. e3 Be5 21. Ke2 f6 22. Rhf1 g5 23. Bxc6 gxf4 24. Bxd7 Bxd6 25. Bc6 fxg3 26. Kf3 Rc7 27. Be4 Be5 28. Rc1 Rhc8 29.
Rxc7+ Rxc7 30. Rd1 a5 31. Bf5 a4 32. bxa4 bxa4 33. Rd5 Rb7 34. Ra5 Rb2 35. Ra7+ Kd8 36. Rg7 Rxa2 37. Ke4 Rd2 38. Be6 g2 39. Bd5 Bh2 0-1

[Event "Late-Titled-Tuesday-Blitz-March-12-2024"]
[Site "Chess.com"]
[Date "2024.03.12"]
[Round "11"]
[White "TokChess"]
[Black "chess_blitz00"]
[Result "1-0"]
[WhiteElo "2616"]
[BlackElo "2472"]
[TimeControl "180+1"]
[EndTime "16:04:09 PDT"]
[Termination "TokChess won by resignation"]

1. c4 d6 2. g3 e5 3. Bg2 g6 4.
Nc3 Bg7 5. b4 Ne7 6. b5 O-O 7.
Qc2 c6 8. bxc6 Nbxc6 9. Nf3 Bf5 10.
d3 Nd4 11. Nxd4 exd4 12. Ne4 d5 13. cxd5 Nxd5 14. O-O Rc8 15. Qb3 Qd7 16. Ba3 Rfd8 17. Nd6 Rc3 18. Qxd5 Rxa3 19. Nxf5 Qxd5 20. Ne7+ Kf8 21.
Nxd5 Ra5 22. Nb4 Rd6 23. Rfc1 Bh6 24. f4 g5 25. Rc8+ Kg7 26. fxg5 Bxg5 27. Bf3 Rb6 28. Nd5 Rb2 29. a4 b5 30. Rb8 a6 31. h4 Bd2 32.
Rb7 Bc3 33. Rc1 bxa4 34. Nxc3 dxc3 35. Rxc3 Rxb7 36. Bxb7 a3 37. Rc1 Rb5 38. Bxa6 Rb2 39. Ra1 a2 40. Kf2 h5 41. Bc4 Rb1 42. Rxa2 Rb6 43.
Ra6 Rb8 44. Ra7 Rf8 45. Kf3 Kf6 46. Rxf7+ Rxf7 47. Bxf7 Kxf7 48. Kf4 1-0

[Event "Late-Titled-Tuesday-Blitz-March-12-2024"]
[Site "Chess.com"]
[Date "2024.03.12"]
[Round "11"]
[White "Szparu"]
[Black "SamuraisOfChess"]
[Result "1-0"]
[WhiteElo "2796"]
[BlackElo "2592"]
[TimeControl "180+1"]
[EndTime "16:04:11 PDT"]
[Termination "Szparu won by checkmate"]

1. d4 Nf6 2. c4 e6 3. Nf3 Bb4+ 4. Nbd2 d5 5. g3 c5 6. Bg2 dxc4 7. O-O O-O 8. Nxc4 Nc6 9. a3 Ba5 10. dxc5 Bc7 11. b4 Qe7 12. Bb2 e5 13. b5 Qxc5 14. bxc6 Qxc4 15. cxb7 Bxb7 16. Rc1 Qb5 17. Rxc7 Qxb2 18.
Rxb7 Qxb7 19. Nxe5 Qe7 20. Bxa8 Rxa8 21. Nc4 Rc8 22. Qd3 Rd8 23. Qe3 Qc7 24. Rc1 h6 25.
Ne5 Qe7 26. Qc5 Rd1+ 27. Kg2 Qb7+ 28. Qc6 Qb3 29. Qa8+ Kh7 30. Rc8 Qd5+ 31. Qxd5 Rxd5 32. Nxf7 Ra5 33. Rc3 Kg6 34. Nd6 Ra6 35. Nc4 Kf5 36. f3 g5 37. e4+ Ke6 38. Nd2 g4 39. Nb3 gxf3+ 40. Kxf3 Ke5 41. Nc5 Ra5 42. Nd3+ Kd4 43. Rb3 Nxe4 44. Rb4+ Kxd3 45. Rxe4 Kc2 46. a4 Kb3 47. g4 Rxa4 48. Rxa4 Kxa4 49. h4 Kb3 50. g5 hxg5 51. h5 a5 52. h6 a4 53. h7 a3 54. h8=Q Ka2 55. Ke2 Kb1 56. Kd2 a2 57.
Qb8+ Ka1 58. Kc2 g4 59. Qb2# 1-0

[Event "Late-Titled-Tuesday-Blitz-March-12-2024"]
[Site "Chess.com"]
[Date "2024.03.12"]
[Round "11"]
[White "rasmussvane"]
[Black "Blitzstream"]
[Result "1-0"]
[WhiteElo "2949"]
[BlackElo "2761"]
[TimeControl "180+1"]
[EndTime "16:04:12 PDT"]
[Termination "rasmussvane won by resignation"]

1. Nf3 c5 2. c4 Nc6 3. Nc3 Nf6 4.
e3 d5 5. cxd5 Nxd5 6. Bb5 g6 7.
Qa4 Nxc3 8. bxc3 Bd7 9. Qb3 Bg7 10. O-O O-O 11. Ba3 b6 12. d4 Qc7 13. Rfd1 e6 14.
dxc5 Rab8 15. cxb6 Rxb6 16. Bxf8 Bxf8 17. Qc4 Be8 18.
Nd4 e5 19. Nxc6 Bxc6 20. Bxc6 Rxc6 21. Qf1 e4 22. Rd4 Qe5 23. c4 h5 24. Rb1 a6 25. g3 Rf6 26. Qg2 Rf3 27. Rbd1 Bb4 28. Qh3 Kg7 29. Qd7 Qf6 30. Rf1 h4 31. Qg4 hxg3 32.
hxg3 Bc5 33. Qxe4 Bxd4 34. exd4 Ra3 35. c5 Rxa2 36. d5 Rd2 37. c6 Qd6 38. Rc1 Rxd5 39. c7 Rd1+ 40. Rxd1 Qxd1+ 41. Kg2 Qd7 42. Qb7 1-0

[Event "Late-Titled-Tuesday-Blitz-March-12-2024"]
[Site "Chess.com"]
[Date "2024.03.12"]
[Round "11"]
[White "ExchangeAB"]
[Black "Thjop"]
[Result "1-0"]
[WhiteElo "2515"]
[BlackElo "2645"]
[TimeControl "180+1"]
[EndTime "16:04:12 PDT"]
[Termination "ExchangeAB won by resignation"]

1. d4 d5 2. Nf3 Nf6 3. c3 e6 4. Bf4 c5 5. e3 Nc6 6. Nbd2 cxd4 7. exd4 Nh5 8. Be3 Bd6 9. Be2 Nf4 10. Bxf4 Bxf4 11.
O-O Bd7 12. Re1 O-O 13. g3 Bd6 14. Bd3 h6 15. Bb5 Nb8 16. Bxd7 Nxd7 17. Qe2 Rb8 18. Kg2 b5 19. b4 a5 20. a3 a4 21. Rec1 Qc7 22. Ne1 Qc6 23. Nd3 Nb6 24. Nc5 Rbe8 25. f4 Re7 26. Rf1 Rfe8 27. Rae1 f6 28. Qf3 Bxc5 29.
dxc5 Nd7 30. c4 Nb8 31. cxd5 exd5 32. Kf2 Qd7 33. Rxe7 Rxe7 34. Re1 Rxe1 35. Kxe1 Nc6 36. Qd3 d4 37. Qxb5 d3 38. Qc4+ Kf8 39. Kf2 Qh3 40.
Nf1 Qd7 41. Qc3 Qd5 42. b5 Na7 43. Qb4 Qb3 44. Qxb3 axb3 45. b6 Nc6 46. Nd2 Ke7 47. Nxb3 Ke6 48. Ke3 Kd5 49. Kxd3 1-0

[Event "Late-Titled-Tuesday-Blitz-March-12-2024"]
[Site "Chess.com"]
[Date "2024.03.12"]
[Round "11"]
[White "YEIKO2017"]
[Black "Statham_01"]
[Result "1-0"]
[WhiteElo "2469"]
[BlackElo "2579"]
[TimeControl "180+1"]
[EndTime "16:04:13 PDT"]
[Termination "YEIKO2017 won on time"]

1. e4 e5 2. Nf3 Nf6 3. d4 Nxe4 4. Bd3 d5 5. Nxe5 Nd7 6. Nxd7 Bxd7 7. O-O Bd6 8. c4 O-O 9. Nc3 Nxc3 10. bxc3 dxc4 11. Bxc4 Qh4 12. g3 Qh3 13. Re1 Bg4 14. Bf1 Qh5 15. Be2 f5 16. f3 Bh3 17. f4 Qg6 18.
Bf3 Rab8 19. Ba3 Bxa3 20. Qb3+ Kh8 21. Qxa3 h5 22. Qe7 Rbe8 23. Qh4 Bg4 24. Bg2 c6 25. Re5 Rxe5 26. dxe5 Qe6 27. h3 Be2 28. Re1 Qxa2 29. e6 Re8 30. Bf1 Bxf1 31. Qxh5+ Kg8 32.
Qxe8+ Kh7 33. Qh5+ Kg8 34. Kxf1 Qc4+ 35. Re2 Qxc3 36.
Kf2 Qc5+ 37. Kg2 Qd5+ 38. Qf3 Qd8 39. e7 Qe8 40. Qb3+ Kh7 41. Qe6 c5 42. Qxf5+ Kh6 43.
Qg5+ Kh7 44. f5 Qc6+ 45. Kh2 Qe8 46. Qg6+ Qxg6 47. fxg6+ 1-0

[Event "Late-Titled-Tuesday-Blitz-March-12-2024"]
[Site "Chess.com"]
[Date "2024.03.12"]
[Round "11"]
[White "Meri-Arabidze"]
[Black "santosalberto1987"]
[Result "0-1"]
[WhiteElo "2673"]
[BlackElo "2552"]
[TimeControl "180+1"]
[EndTime "16:04:16 PDT"]
[Termination "santosalberto1987 won on time"]

1. d4 Nf6 2. c4 d6 3. Nf3 g6 4.
g3 Bf5 5. Bg2 Bg7 6. O-O O-O 7.
Nh4 Be4 8. f3 Bc6 9. Nc3 e5 10.
d5 Bd7 11. e4 a5 12. Bg5 h6 13. Be3 Na6 14. Qd2 Kh7 15. Qf2 b6 16. Rad1 Nc5 17.
b3 Nh5 18. Ne2 f5 19. exf5 gxf5 20. f4 e4 21. Nd4 Nd3 22. Qe2 Bxd4 23. Bxd4 Nf6 24.
Bxf6 Qxf6 25. Bxe4 Qd4+ 26. Kh1 fxe4 27. f5 Rae8 28.
Qh5 Qf6 29. Ng6 Rf7 30. g4 Qg5 31. Qh3 Ne5 32. Nxe5 Rxe5 33. Qg3 h5 34. Rf4 e3 35. h4 Qg7 36. Re1 Bxf5 37. Rxe3 Rxe3 38. Qxe3 Bxg4 39.
Qe4+ Kg8 40. Qe8+ Qf8 0-1

[Event "Late-Titled-Tuesday-Blitz-March-12-2024"]
[Site "Chess.com"]
[Date "2024.03.12"]
[Round "11"]
[White "ccccvhhhj"]
[Black "reevecanada"]
[Result "0-1"]
[WhiteElo "2483"]
[BlackElo "2650"]
[TimeControl "180+1"]
[EndTime "16:04:22 PDT"]
[Termination "reevecanada won on time"]

1. e4 c5 2. Nf3 d6 3. d4 cxd4 4.
Nxd4 Nf6 5. Nc3 a6 6. Rg1 g6 7. g4 Bg7 8. Be3 Qc7 9. f3 b5 10. g5 Nfd7 11. Nd5 Qa5+ 12. Bd2 Qd8 13. Bc3 O-O 14.
Qd2 e6 15. Ba5 Qxa5 16. Qxa5 Bxd4 17. Ne7+ Kg7 18. Rg2 Re8 19. Nxc8 Rxc8 20. O-O-O Nc6 21. Qe1 Be5 22. Kb1 Nc5 23. Bd3 Bf4 24. Rg4 e5 25. h4 Nd4 26. Be2 b4 27. Rxf4 Nxe2 28. Rf6 Nd4 29. Rxd6 Nce6 30. Rc1 a5 31. Qh1 a4 32.
Qh2 Rc5 33. Rd5 Rxd5 34. exd5 Nf4 35. h5 Nxf3 36. h6+ Kg8 37. Qf2 Nxg5 38. Qc5 Rb8 39. Qc7 Re8 40. d6 Nge6 41. Qa5 e4 42. Qe5 Rd8 43. Rd1 f5 44. d7 Kf7 45. Qd6 e3 46.
Qxb4 e2 47. Rc1 Rxd7 48. a3 Rd1 49. Qb6 Nd4 0-1